[Event "Titled Tuesday Blitz June 8 2021"]
[White "Kovalev, Vladislav"]
[Black "Mikhalsky, Vladimir"]
[WhiteFideId "13504398"]
[BlackFideId "14144352"]
[WhiteElo "2573"]
[BlackElo "2280"]
[Result "1-0"]
[Round "01"]
[TimeControl "180+1"]
[Date "2021.06.08"]
[WhiteClock "0:00:33"]
[BlackClock "0:00:12"]

1. e4 c5 2. Be2 Nc6 3. d3 g6 4. f4 Bg7 5. Nf3 e6 6. O-O Nge7 7. c3 d5 8. Be3 d4 9. Bf2 O-O 10. Qc2 b6 11. Nbd2 Ba6 12. Nb3 Rc8 13. Rac1 Qd7 14. Rfd1 e5 15. fxe5 Nxe5 16. Nxe5 Bxe5 17. cxd4 cxd4 18. Qd2 Qd6 19. g3 f5 20. Rxc8 Rxc8 21. Bf3 Bb7 22. Re1 a5 23. Qe2 f4 24. Kg2 g5 25. Bg4 Rf8 26. Nd2 Nf5 27. Nc4 Qc5 28. Bxf5 Rxf5 29. Qg4 Bg7 30. Nd6 fxg3 31. Qxf5 Qxf5 32. Nxf5 gxf2 33. Kxf2 Be5 34. Rg1 Bf4 35. h4 h6 36. Nxd4 Kf7 37. hxg5 hxg5 38. Ne2 Be5 39. Rxg5 Bxb2 40. Rb5 Ba3 41. d4 Bxe4 42. Rxb6 Bb4 43. Ke3 Bd5 44. a4 Bb3 45. Nc3 Ke7 46. Kd3 Kd7 47. Rb5 Kc6 48. d5+ Kd6 49. Kd4 Bxc3+ 50. Kxc3 Bxa4 51. Rxa5 Bd7 52. Kd4 Bc8 53. Ra1 Bb7 54. Ra5 Bc8 55. Rb5 Bd7 56. Rb6+ Kc7 57. Kc5 Bc8 58. Rh6 Bb7 59. Rh7+ Kb8 60. Kb6 Bc8 61. Rh8 1-0


[Site "https://www.chess.com"]

[Event "Titled Tuesday Blitz June 8 2021"]
[White "Koziol, Kamil"]
[Black "Yilmaz, Mustafa"]
[WhiteFideId "1161555"]
[BlackFideId "6302718"]
[WhiteElo "2461"]
[BlackElo "2851"]
[Result "0-1"]
[Round "01"]
[TimeControl "180+1"]
[Date "2021.06.08"]
[WhiteClock "0:00:22"]
[BlackClock "0:00:15"]

1. e4 c5 2. Nf3 Nc6 3. Bb5 e6 4. Bxc6 bxc6 5. e5 f6 6. h4 fxe5 7. Nxe5 Qf6 8. Qe2 Bd6 9. Ng4 Qg6 10. d3 Nf6 11. Nxf6+ gxf6 12. g3 Rb8 13. Nc3 O-O 14. Ne4 Be5 15. h5 Qg7 16. Nxc5 Bxb2 17. Bxb2 Rxb2 18. Nb3 f5 19. Qd2 Rxb3 20. axb3 Qxa1+ 21. Ke2 Qxh1 22. Qg5+ Kf7 23. Qh6 Ba6 24. Qxh7+ Ke8 25. Qg6+ Rf7 26. Qg8+ Ke7 27. Qg5+ Kd6 28. Qf4+ e5 29. Qb4+ Ke6 30. Qa5 Qxh5+ 31. Kd2 Qh6+ 32. Kc3 Bb5 33. Qc7 Qc1 34. Qd8 Qe1+ 35. Kb2 Qxf2 36. Qe8+ Re7 37. Qg6+ Kd5 38. Qg8+ Kc5 39. Qf8 Qd4+ 40. Kb1 Qd6 41. Qxf5 Kb6 42. Qf8 Kb7 43. Qd8 e4 0-1


[Site "https://www.chess.com"]

[Event "Titled Tuesday Blitz June 8 2021"]
[White "Kubicka, Anna"]
[Black "Vidit, Santosh Gujrathi"]
[WhiteFideId "1152254"]
[BlackFideId "5029465"]
[WhiteElo "2010"]
[BlackElo "2735"]
[Result "0-1"]
[Round "01"]
[TimeControl "180+1"]
[Date "2021.06.08"]
[WhiteClock "0:00:11"]
[BlackClock "0:00:28"]

1. e4 c5 2. Ne2 d6 3. g3 g6 4. Bg2 Bg7 5. O-O Nc6 6. c3 e5 7. d3 Nge7 8. Be3 O-O 9. Nd2 Be6 10. f4 Qd7 11. Kh1 b6 12. Ng1 f5 13. Ngf3 Kh8 14. Ng5 Bg8 15. Qf3 h6 16. Nh3 Rae8 17. exf5 Bd5 18. Qe2 Bxg2+ 19. Qxg2 Nxf5 20. Rae1 exf4 21. Bxf4 g5 22. Bxg5 hxg5 23. Nxg5 Bh6 24. Qh3 Rxe1 25. Rxe1 Kg8 26. Ne6 Rf6 27. Ne4 Rxe6 28. Qxf5 Qf7 29. Qg4+ Qg6 30. Qh3 d5 31. Nf6+ Rxf6 32. Qc8+ Bf8 33. Qd7 Ne7 34. Kg2 Qf5 0-1


[Site "https://www.chess.com"]

[Event "Titled Tuesday Blitz June 8 2021"]
[White "Kuzubov, Yuriy"]
[Black "Tokman, Ariel"]
[WhiteFideId "14112906"]
[BlackFideId "117420"]
[WhiteElo "2829"]
[BlackElo "2446"]
[Result "1-0"]
[Round "01"]
[TimeControl "180+1"]
[Date "2021.06.08"]
[WhiteClock "0:01:24"]
[BlackClock "0:01:29"]

1. Nf3 Nf6 2. c4 e6 3. Nc3 d5 4. e3 Be7 5. b3 O-O 6. Bb2 a5 7. d4 c6 8. Bd3 Nbd7 9. O-O b6 10. e4 dxe4 11. Nxe4 Bb7 12. Qe2 a4 13. Neg5 axb3 14. axb3 h6 15. Nxe6 fxe6 16. Qxe6+ Kh8 17. Nh4 g5 18. Ng6+ Kg7 19. Nxe7 1-0


[Site "https://www.chess.com"]

[Event "Titled Tuesday Blitz June 8 2021"]
[White "Lehtosaari, Mauri"]
[Black "Guo, Arthur"]
[WhiteFideId "501999"]
[BlackFideId "30903114"]
[WhiteElo "2440"]
[BlackElo "2813"]
[Result "0-1"]
[Round "01"]
[TimeControl "180+1"]
[Date "2021.06.08"]
[WhiteClock "0:00:05"]
[BlackClock "0:00:08"]

1. d4 Nf6 2. Nf3 e6 3. Bg5 d5 4. Nbd2 Be7 5. e3 O-O 6. Bd3 b6 7. O-O Ba6 8. Ne5 Bxd3 9. cxd3 c5 10. Ndf3 Nfd7 11. Bxe7 Qxe7 12. Rc1 f6 13. Nxd7 Nxd7 14. dxc5 bxc5 15. b3 e5 16. e4 Nb6 17. Qc2 Rac8 18. Nd2 Rfd8 19. Rfd1 Kh8 20. g3 d4 21. Nc4 Nd7 22. Rf1 Nf8 23. f4 exf4 24. gxf4 Ne6 25. Qg2 Rg8 26. Kh1 Rcf8 27. Rce1 Qd7 28. Qh3 Rf7 29. Re2 Rgf8 30. Ref2 Qc6 31. Qg2 Nc7 32. f5 Re7 33. Rf3 Ne8 34. Rh3 Nd6 35. Nxd6 Qxd6 36. Qg6 h6 37. Rg1 Qf4 38. Qg2 a5 39. Rf3 Qd6 40. Rh3 a4 41. bxa4 Ra7 42. Qg6 Qf4 43. Qg2 Rff7 44. Rf3 Qb8 45. Rh3 Qf8 46. Qc2 Rfc7 47. Rhg3 Qa8 48. Qg2 Qg8 49. Qc2 c4 50. dxc4 Qxc4 51. Qg2 Qf7 52. Rg6 Rd7 53. Qd2 Qf8 54. a5 d3 55. R6g3 Qa8 56. Re1 Qd8 57. Ree3 Qe7 58. Rxd3 Qxe4+ 59. Kg1 Qxf5 60. Rgf3 Qxf3 61. Rxd7 Qg4+ 0-1


[Site "https://www.chess.com"]

[Event "Titled Tuesday Blitz June 8 2021"]
[White "Loy, Konstantin"]
[Black "Seo, Jung Min"]
[WhiteFideId "14122499"]
[BlackFideId "1734687"]
[WhiteElo "2084"]
[BlackElo "2486"]
[Result "1/2-1/2"]
[Round "01"]
[TimeControl "180+1"]
[Date "2021.06.08"]
[WhiteClock "0:00:09"]
[BlackClock "0:01:02"]

1. e4 e5 2. Nf3 Nf6 3. Nxe5 d6 4. Nf3 Nxe4 5. d4 d5 6. Bd3 Nc6 7. O-O Be7 8. Re1 O-O 9. c4 Nb4 10. cxd5 Nxd3 11. Qxd3 Nf6 12. Nc3 h6 13. Bf4 Re8 14. Rac1 Bd7 15. Ne5 Bd6 16. h3 Rc8 17. a3 a6 18. Qf3 Re7 19. Ne4 Nxe4 20. Rxe4 Bf5 21. Re3 Bh7 22. Rce1 Qf8 23. Nc4 Rxe3 24. Rxe3 Bxf4 25. Qxf4 Qd8 26. d6 Bg6 27. dxc7 Rxc7 28. Ne5 Re7 29. Nxg6 fxg6 30. Rxe7 Qxe7 31. Qe5 Qd7 32. d5 Kf7 33. d6 Qe6 34. Qf4+ Ke8 35. g4 Kd7 36. Qf8 Qe1+ 37. Kg2 Qe4+ 38. Kg3 Qe5+ 39. Kf3 Qd5+ 40. Ke3 Qe5+ 41. Kf3 Qd5+ 42. Ke2 Qe4+ 43. Kd2 Qd4+ 44. Kc2 Qc4+ 45. Kd2 Qd4+ 46. Kc1 Qc4+ 47. Kb1 Qd3+ 48. Ka2 Qd5+ 49. Kb1 Qd1+ 50. Ka2 Qd5+ 51. Kb1 Qd1+ 52. Ka2 Qd5+ 1/2-1/2


[Site "https://www.chess.com"]

[Event "Titled Tuesday Blitz June 8 2021"]
[White "Manafov, Vugar"]
[Black "Shubenkova, Veronika"]
[WhiteFideId "13410814"]
[BlackFideId "44124040"]
[WhiteElo "2274"]
[BlackElo "1895"]
[Result "1-0"]
[Round "01"]
[TimeControl "180+1"]
[Date "2021.06.08"]
[WhiteClock "0:00:21"]
[BlackClock "0:00:49"]

1. d4 d5 2. c4 e6 3. Nc3 Nf6 4. Nf3 Be7 5. Bf4 O-O 6. e3 c6 7. c5 b6 8. b4 Bb7 9. h3 a5 10. a3 b5 11. Bd3 Na6 12. Rb1 axb4 13. axb4 Nc7 14. O-O Ra3 15. Qc2 Qd7 16. Qb2 Rfa8 17. Nd2 Nh5 18. Bh2 f5 19. Nb3 R3a7 20. Na5 Bc8 21. Ra1 Nf6 22. Ra3 Nce8 23. Rfa1 Ne4 24. Nxc6 Rxa3 25. Nxe7+ Qxe7 26. Rxa3 Rxa3 27. Qxa3 Nxc3 28. Qxc3 Qa7 29. Bxb5 Nf6 30. f3 Qa2 31. Bf1 Qb1 32. b5 g5 33. c6 g4 34. hxg4 fxg4 35. Be5 gxf3 36. Bxf6 fxg2 37. Kxg2 e5 38. Qd3 Qb2+ 39. Qe2 Qb1 40. Bxe5 Qe4+ 41. Qf3 Qc2+ 42. Kg1 Bf5 43. Qxd5+ Kf8 44. Qd6+ Kf7 45. Qf6+ Ke8 46. c7 Be4 47. Qe6+ Kf8 48. c8=Q+ 1-0


[Site "https://www.chess.com"]

[Event "Titled Tuesday Blitz June 8 2021"]
[White "Mazur, Stefan"]
[Black "Demchenko, Anton"]
[WhiteFideId "14909332"]
[BlackFideId "4160258"]
[WhiteElo "2452"]
[BlackElo "2844"]
[Result "0-1"]
[Round "01"]
[TimeControl "180+1"]
[Date "2021.06.08"]
[WhiteClock "0:00:02"]
[BlackClock "0:01:20"]

1. e4 c5 2. Nf3 d6 3. d4 cxd4 4. Nxd4 Nf6 5. Nc3 Nc6 6. Bg5 e6 7. Qd2 a6 8. O-O-O Bd7 9. f4 Be7 10. Nf3 b5 11. Bxf6 gxf6 12. Kb1 b4 13. Ne2 h5 14. Ned4 Qb6 15. Nxc6 Bxc6 16. Bd3 a5 17. f5 e5 18. Qe2 a4 19. Bc4 a3 20. b3 Rc8 21. Rd2 Qc5 22. Rhd1 Bf8 23. Rd5 Bxd5 24. Rxd5 Qa7 25. Rb5 Be7 26. Bd5 Kf8 27. Rb7 Qc5 28. Bc4 d5 29. exd5 Bd6 30. Rb5 Qc7 31. Qe4 Rg8 32. Nh4 Rg4 33. Qe2 Rxh4 0-1


[Site "https://www.chess.com"]

[Event "Titled Tuesday Blitz June 8 2021"]
[White "Meissner, Felix"]
[Black "Pultinevicius, Paulius"]
[WhiteFideId "24671827"]
[BlackFideId "12809390"]
[WhiteElo "2390"]
[BlackElo "2452"]
[Result "0-1"]
[Round "01"]
[TimeControl "180+1"]
[Date "2021.06.08"]
[WhiteClock "0:00:11"]
[BlackClock "0:00:14"]

1. e4 c6 2. Nc3 d5 3. Qe2 d4 4. Nd1 e5 5. d3 Bd6 6. g3 c5 7. f4 Nc6 8. Nf3 Nge7 9. f5 b5 10. Nf2 a5 11. g4 Ba6 12. g5 c4 13. a3 Rc8 14. f6 gxf6 15. Ng4 Ng8 16. gxf6 h5 17. Nf2 Nxf6 18. Bg5 Be7 19. Nh4 Nd7 20. Bxe7 Nxe7 21. Rg1 Nc5 22. Rg5 Nc6 23. Rxh5 Rg8 24. Ng4 cxd3 25. cxd3 b4 26. Qf3 bxa3 27. Nf6+ Kf8 28. Nxg8 axb2 29. Rb1 Nb4 30. Ng6+ Kxg8 31. Rh8+ Kg7 32. Rxd8 Ncxd3+ 33. Bxd3 Nxd3+ 34. Qxd3 Bxd3 35. Rxc8 Bxb1 36. Nxe5 Bxe4 37. Rb8 b1=Q+ 38. Rxb1 Bxb1 39. Nc6 a4 40. Nxd4 Kf6 41. Kd2 Ke5 42. Ke3 a3 43. h4 a2 44. Nb3 Bg6 45. Kd2 f5 46. Kc3 Bf7 47. Na1 f4 48. Kd3 Kf5 49. Ke2 Kg4 50. Kf2 Kxh4 51. Kf3 Kg5 52. Kf2 Kg4 53. Nc2 Bb3 54. Na1 Ba4 55. Kg2 f3+ 56. Kf2 Kf4 57. Kf1 Kg3 58. Ke1 0-1


[Site "https://www.chess.com"]

[Event "Titled Tuesday Blitz June 8 2021"]
[White "Nagy, Gabor"]
[Black "Silich, Yahor"]
[WhiteFideId "737119"]
[BlackFideId "13513656"]
[WhiteElo "2807"]
[BlackElo "2437"]
[Result "1-0"]
[Round "01"]
[TimeControl "180+1"]
[Date "2021.06.08"]
[WhiteClock "0:01:30"]
[BlackClock "0:00:09"]

1. Nf3 Nf6 2. c4 g6 3. Nc3 Bg7 4. e4 d6 5. d4 O-O 6. Be2 Nbd7 7. O-O e5 8. Qc2 c6 9. Rd1 Qe7 10. b3 exd4 11. Nxd4 Re8 12. f3 a6 13. Bf1 Ne5 14. Ba3 c5 15. Nde2 Bd7 16. Bc1 b5 17. Bg5 Bc6 18. Nf4 Qf8 19. cxb5 axb5 20. Bxb5 h6 21. Bxf6 Bxf6 22. Nfd5 Bg7 23. Nc7 Bxb5 24. N3xb5 Reb8 25. Nxa8 Rxb5 26. Nc7 Rb7 27. Nd5 Nc6 28. Rac1 Nd4 29. Qd2 Qa8 30. Rc4 Ne6 31. g3 Qa6 32. Kg2 Ra7 33. Ra4 Qb7 34. Rxa7 Qxa7 35. h4 h5 36. Nf4 Nd4 37. Ne2 Qa3 38. Nxd4 Bxd4 39. Qc2 Kg7 40. Rd2 Kg8 41. f4 Kg7 42. Re2 Qb4 43. e5 dxe5 44. fxe5 Qb7+ 45. Qe4 Qe7 46. e6 f5 47. Qd5 Kf6 48. Qd7 Bc3 49. Qxe7+ Kxe7 50. Kf3 Bf6 51. a4 Kd6 52. a5 Be7 53. a6 Kc7 54. Kf4 Kb6 55. Ra2 Bd6+ 56. Kg5 1-0


[Site "https://www.chess.com"]

[Event "Titled Tuesday Blitz June 8 2021"]
[White "Narayanan, Srinath"]
[Black "Noboa Silva, Kevin"]
[WhiteFideId "5018420"]
[BlackFideId "3618471"]
[WhiteElo "2781"]
[BlackElo "2421"]
[Result "1-0"]
[Round "01"]
[TimeControl "180+1"]
[Date "2021.06.08"]
[WhiteClock "0:00:54"]
[BlackClock "0:00:03"]

1. Nf3 Nf6 2. c4 c5 3. d4 cxd4 4. Nxd4 b6 5. Nc3 Bb7 6. f3 a6 7. e4 d6 8. Be2 e6 9. Be3 Be7 10. O-O O-O 11. Rc1 Nbd7 12. Kh1 Rc8 13. Qd2 Re8 14. Rfd1 Qc7 15. b3 Qb8 16. Bf1 Bf8 17. Qf2 Ba8 18. Nc2 Be7 19. Nb4 Nc5 20. g4 Bb7 21. g5 Nfd7 22. h4 Ne5 23. Be2 Qa8 24. Kh2 Bf8 25. Nc2 b5 26. cxb5 axb5 27. f4 Nxe4 28. Nxe4 Bxe4 29. fxe5 Rxc2 30. Rxc2 Bxc2 31. Rf1 Qb7 32. Bxb5 Rc8 33. Ba6 Qc7 34. Bxc8 dxe5 35. Bxe6 e4+ 36. Kh1 1-0


[Site "https://www.chess.com"]

[Event "Titled Tuesday Blitz June 8 2021"]
[White "Navalgund, Niranjan"]
[Black "Jones, Gawain C B"]
[WhiteFideId "5030854"]
[BlackFideId "409561"]
[WhiteElo "2471"]
[BlackElo "2873"]
[Result "0-1"]
[Round "01"]
[TimeControl "180+1"]
[Date "2021.06.08"]
[WhiteClock "0:02:07"]
[BlackClock "0:02:08"]

1. e4 e5 2. Nf3 Nc6 3. Nc3 g6 4. d4 exd4 5. Nxd4 Bg7 6. Be3 Nf6 7. Nxc6 dxc6 8. Qxd8+ Kxd8 9. O-O-O Ke8 10. f3 Be6 11. g4 h5 12. g5 Nd7 13. Bd4 Bxd4 14. Rxd4 Ke7 15. Be2 a5 16. h4 b5 17. f4 a4 18. a3 Nc5 19. Bf3 Rhd8 20. Rhd1 Rxd4 21. Rxd4 Bg4 22. Bg2 Ne6 23. Rd1 Nxf4 24. Bh1 Bxd1 0-1


[Site "https://www.chess.com"]

[Event "Titled Tuesday Blitz June 8 2021"]
[White "Nesterov, Arseniy"]
[Black "Gogolev, Artem"]
[WhiteFideId "24198455"]
[BlackFideId "4116615"]
[WhiteElo "2802"]
[BlackElo "2429"]
[Result "1-0"]
[Round "01"]
[TimeControl "180+1"]
[Date "2021.06.08"]
[WhiteClock "0:02:36"]
[BlackClock "0:00:47"]

1. d4 Nf6 2. c4 e6 3. Nf3 d5 4. Nc3 Bb4 5. Qb3 c5 6. dxc5 Nc6 7. Bg5 dxc4 8. Qxc4 Qa5 9. Bxf6 gxf6 10. Rc1 Qxc5 11. Qh4 Qe7 12. g3 b6 13. Bg2 Bb7 14. O-O Rc8 15. Ne4 h6 16. Nxf6+ Kf8 17. Rfd1 Bc5 1-0


[Site "https://www.chess.com"]

[Event "Titled Tuesday Blitz June 8 2021"]
[White "Nozdrachev, Leonid"]
[Black "Kollars, Dmitrij"]
[WhiteFideId "24113433"]
[BlackFideId "12909572"]
[WhiteElo "2221"]
[BlackElo "2576"]
[Result "0-1"]
[Round "01"]
[TimeControl "180+1"]
[Date "2021.06.08"]
[WhiteClock "0:00:03"]
[BlackClock "0:00:27"]

1. e4 e5 2. Nf3 Nc6 3. Bc4 Nf6 4. d3 Bc5 5. Nc3 d6 6. Be3 Bb6 7. h3 O-O 8. O-O Na5 9. Bb5 c6 10. Ba4 Bxe3 11. fxe3 b5 12. Bb3 h6 13. Nh4 Nxb3 14. axb3 a5 15. Qf3 Re8 16. Kh1 Ra7 17. Nf5 Bxf5 18. Qxf5 b4 19. Ne2 d5 20. Ng3 Re6 21. Rad1 Qe7 22. Qf3 g6 23. exd5 cxd5 24. Qf2 Rc7 25. Rd2 Kg7 26. d4 exd4 27. Rxd4 Rxe3 28. Rf4 Rc6 29. Kh2 Rce6 30. Qd2 Rxg3 31. Kxg3 Ne4+ 32. Rxe4 dxe4 33. Qd4+ f6 34. c4 Rd6 35. Qf2 Qe5+ 36. Qf4 Rd3+ 37. Kh2 Qxf4+ 38. Rxf4 f5 39. Rf1 Kf6 40. g4 Ke5 41. gxf5 gxf5 42. Rc1 Kd6 43. Kg2 f4 44. Re1 Ke5 45. Rc1 Rd2+ 46. Kf1 Kd6 47. Re1 e3 48. Re2 Rd3 49. Kg2 Rxb3 50. Kf3 Kc5 51. Kxf4 Kxc4 52. Kg4 a4 53. Kf3 a3 54. bxa3 bxa3 55. Ra2 Rc3 56. Ra1 Kb3 57. Rb1+ Kc2 58. Rb8 a2 59. Ra8 Kb2 60. Ke2 Ra3 61. Rb8+ Rb3 0-1


[Site "https://www.chess.com"]

[Event "Titled Tuesday Blitz June 8 2021"]
[White "Obolentseva, Alexandra"]
[Black "Moroni, Luca Jr"]
[WhiteFideId "24153648"]
[BlackFideId "865834"]
[WhiteElo "2113"]
[BlackElo "2491"]
[Result "0-1"]
[Round "01"]
[TimeControl "180+1"]
[Date "2021.06.08"]
[WhiteClock "0:00:37"]
[BlackClock "0:00:26"]

1. d4 d5 2. c4 e6 3. Nc3 Nf6 4. Nf3 a6 5. e3 dxc4 6. Bxc4 b5 7. Bd3 Bb7 8. O-O Nbd7 9. Qe2 c5 10. dxc5 Bxc5 11. Rd1 O-O 12. b3 Rc8 13. Bb2 Qb6 14. Rac1 Rfd8 15. a4 b4 16. Nb1 Be7 17. Nbd2 Nc5 18. Bc4 Qa7 19. Bd4 Qa8 20. Qf1 Nce4 21. Nxe4 Nxe4 22. Bb6 Rxd1 23. Rxd1 Nc3 24. Rd4 Bxf3 25. gxf3 Qxf3 26. Rf4 Qh5 27. Bd4 Rxc4 28. Qxc4 Ne2+ 29. Kf1 Nxf4 30. exf4 h6 31. Be3 a5 32. Qc8+ Kh7 33. Qc2+ Qg6 34. Qxg6+ Kxg6 35. Kg2 Bd8 36. Kf3 Kf5 37. h3 Bc7 38. Bd4 g6 39. Bg7 h5 40. Bh6 Bd6 41. h4 f6 42. Bg7 Bxf4 43. Bxf6 Kxf6 44. Kxf4 e5+ 45. Ke4 Ke6 46. f3 Kf6 47. f4 exf4 48. Kxf4 g5+ 49. hxg5+ Kg6 50. Kg3 Kxg5 51. Kh3 Kf4 52. Kh4 Ke3 53. Kxh5 Kd3 54. Kg4 Kc3 55. Kf4 Kxb3 56. Ke4 Kxa4 57. Kd4 b3 58. Kc3 Ka3 59. Kd2 b2 60. Kc2 Ka2 0-1


[Site "https://www.chess.com"]

[Event "Titled Tuesday Blitz June 8 2021"]
[White "Oparin, Grigoriy"]
[Black "Eynullayev, Atilla"]
[WhiteFideId "24125890"]
[BlackFideId "13413570"]
[WhiteElo "2628"]
[BlackElo "1997"]
[Result "1-0"]
[Round "01"]
[TimeControl "180+1"]
[Date "2021.06.08"]
[WhiteClock "0:01:09"]
[BlackClock "0:00:05"]

1. e4 c5 2. Nf3 d6 3. Nc3 Nf6 4. d4 cxd4 5. Qxd4 Nc6 6. Bb5 a6 7. Bxc6+ bxc6 8. Bg5 e5 9. Qd3 h6 10. Bxf6 Qxf6 11. O-O-O Be6 12. Nd2 Qxf2 13. Nc4 Qd4 14. Qxd4 exd4 15. Rxd4 Rd8 16. Rhd1 Be7 17. Nxd6+ Kf8 18. e5 g6 19. Nce4 Kg7 20. c4 Rb8 21. Kc2 a5 22. Kc3 Rb4 23. a3 Rb6 24. Nc5 Rhb8 25. b3 Kg8 26. Nde4 Bf5 27. Nf6+ Kg7 28. Rd6 Bxd6 29. Rxd6 Be6 30. h4 Bf5 31. g4 Bc8 32. h5 gxh5 33. Nxh5+ Kh7 34. Nf6+ Kg7 35. Kd4 Ra8 36. Rd8 h5 37. Rg8+ Kh6 38. g5# 1-0


[Site "https://www.chess.com"]

[Event "Titled Tuesday Blitz June 8 2021"]
[White "Ozates, Tuna"]
[Black "Indjic, Aleksandar"]
[WhiteFideId "6354521"]
[BlackFideId "911925"]
[WhiteElo "1872"]
[BlackElo "2643"]
[Result "0-1"]
[Round "01"]
[TimeControl "180+1"]
[Date "2021.06.08"]
[WhiteClock "0:00:02"]
[BlackClock "0:00:15"]

1. e4 Nc6 2. d4 e6 3. Nf3 d5 4. e5 f6 5. Bb5 Bd7 6. Bxc6 Bxc6 7. O-O Qe7 8. Re1 O-O-O 9. b4 Qf7 10. c3 Ne7 11. a4 Ng6 12. b5 Bd7 13. Qb3 fxe5 14. dxe5 Nf4 15. a5 Bc5 16. Be3 Bxe3 17. Rxe3 Rhf8 18. Nbd2 g5 19. c4 g4 20. Nd4 Nh3+ 21. gxh3 Qxf2+ 22. Kh1 Qxd2 23. Rd3 Qf2 24. c5 gxh3 25. Rg1 Rg8 26. Qd1 Rg2 27. Rxh3 Rdg8 28. Rf1 Qb2 29. c6 bxc6 30. bxc6 Be8 31. Qd3 R2g6 32. Rg3 Rxg3 33. hxg3 Bg6 34. Qa6+ Kd8 35. Nxe6+ Ke7 36. Ng5 Qxe5 37. Qb7 h6 38. Nf3 Be4 39. Qb4+ Ke6 40. Qb3 Rxg3 41. Qb8 Qh5# 0-1


[Site "https://www.chess.com"]

[Event "Titled Tuesday Blitz June 8 2021"]
[White "Perez Ponsa, Federico"]
[Black "Devaev, Alexander"]
[WhiteFideId "117927"]
[BlackFideId "4169395"]
[WhiteElo "2672"]
[BlackElo "2185"]
[Result "1-0"]
[Round "01"]
[TimeControl "180+1"]
[Date "2021.06.08"]
[WhiteClock "0:00:55"]
[BlackClock "0:00:01"]

1. e4 c6 2. d4 d5 3. exd5 cxd5 4. Bd3 Nc6 5. c3 g6 6. Nf3 Nh6 7. O-O Bg7 8. Re1 O-O 9. Bf4 Bf5 10. Bf1 Bg4 11. Nbd2 Nf5 12. h3 Bxf3 13. Nxf3 Nd6 14. Qb3 e6 15. Bd3 Na5 16. Qb4 Nf5 17. Re2 Ne7 18. Bg5 Re8 19. Bb5 Nac6 20. Qb3 Qc7 21. Rae1 a6 22. Bd3 b5 23. Qd1 b4 24. h4 bxc3 25. bxc3 Na5 26. Rc2 Nc4 27. h5 Rac8 28. Nh2 Nf5 29. Ng4 a5 30. Nf6+ Bxf6 31. Bxf6 Ncd6 32. Qg4 Ne4 33. Rxe4 dxe4 34. Bxe4 Qb8 35. Rc1 Qb2 36. Rb1 Qxc3 37. Qg5 Qc2 38. Bxc2 Rxc2 39. hxg6 fxg6 40. Be5 1-0


[Site "https://www.chess.com"]

[Event "Titled Tuesday Blitz June 8 2021"]
[White "Petukhov, Dmitry"]
[Black "Goltsev, Dmitry"]
[WhiteFideId "4142748"]
[BlackFideId "24176710"]
[WhiteElo "2356"]
[BlackElo "2366"]
[Result "0-1"]
[Round "01"]
[TimeControl "180+1"]
[Date "2021.06.08"]
[WhiteClock "0:00:19"]
[BlackClock "0:00:09"]

1. e4 e6 2. d4 d5 3. e5 c5 4. c3 Nc6 5. Nf3 Nge7 6. a3 Nf5 7. b4 cxd4 8. cxd4 a6 9. Be3 Bd7 10. Bd3 g6 11. O-O Be7 12. Nc3 Rc8 13. Rc1 b5 14. Ne2 Qb6 15. Ng3 h6 16. Nxf5 exf5 17. Qe2 Be6 18. Rc2 Kd7 19. Rfc1 Rc7 20. a4 bxa4 21. Bxa6 Bxb4 22. Bb5 Rhc8 23. Bxa4 g5 24. Qb5 Qxb5 25. Bxb5 g4 26. Nd2 f4 27. Bxf4 Bf5 28. e6+ fxe6 29. Ra2 Bxd2 30. Bxd2 Ke7 31. Bf4 e5 32. dxe5 Nb4 33. Rxc7+ Rxc7 34. Ra1 Rb7 35. Bf1 h5 36. h3 gxh3 37. gxh3 Nc2 38. Ra6 Rb1 39. Kg2 Ne1+ 40. Kg3 Be4 41. Bg5+ Kf8 42. e6 Rb3+ 43. Kf4 Rf3+ 44. Ke5 Rf5+ 45. Kd6 Rxg5 46. e7+ Kf7 47. Ra8 Rg6+ 48. Kd7 Bf5+ 49. Kd8 Rg8+ 0-1


[Site "https://www.chess.com"]

[Event "Titled Tuesday Blitz June 8 2021"]
[White "Pichot, Alan"]
[Black "Baches Garcia, Guillermo"]
[WhiteFideId "110973"]
[BlackFideId "2209764"]
[WhiteElo "2822"]
[BlackElo "2445"]
[Result "1-0"]
[Round "01"]
[TimeControl "180+1"]
[Date "2021.06.08"]
[WhiteClock "0:02:10"]
[BlackClock "0:00:42"]

1. e4 c5 2. Nf3 d6 3. d4 cxd4 4. Qxd4 Nc6 5. Qe3 g6 6. h3 Bg7 7. Be2 Nf6 8. O-O O-O 9. Rd1 Qb6 10. Qxb6 axb6 11. Nc3 Nd7 12. Nd5 Nce5 13. Nxe7+ Kh8 14. Nxc8 Rfxc8 15. c3 Nc5 16. Rxd6 Nb3 17. Rb1 Rxa2 18. Rxb6 Nxc1 19. Rxc1 Nxf3+ 20. Bxf3 Rc7 21. Rd1 Be5 22. g3 Kg7 23. Rd5 Re7 24. Rdb5 Rd7 25. Rxe5 Rd2 26. Rxb7 Rd3 27. Kg2 1-0


[Site "https://www.chess.com"]

[Event "Titled Tuesday Blitz June 8 2021"]
[White "Pourkashiyan, Atousa"]
[Black "Khusnutdinov, Rustam"]
[WhiteFideId "12502014"]
[BlackFideId "13701703"]
[WhiteElo "2442"]
[BlackElo "2819"]
[Result "0-1"]
[Round "01"]
[TimeControl "180+1"]
[Date "2021.06.08"]
[WhiteClock "0:00:04"]
[BlackClock "0:00:32"]

1. e4 e6 2. d4 d5 3. Nd2 c5 4. exd5 exd5 5. Ngf3 Nc6 6. Bb5 Qe7+ 7. Qe2 Qxe2+ 8. Bxe2 Bf5 9. c3 cxd4 10. Nxd4 Nxd4 11. cxd4 Nf6 12. Bb5+ Bd7 13. Bxd7+ Kxd7 14. O-O Bd6 15. Nf3 Rhe8 16. Be3 Ne4 17. Rfd1 Rac8 18. Ne5+ Ke6 19. f3 Nf6 20. Rd2 Nd7 21. Nd3 h5 22. Re1 Kf5 23. g3 Nb6 24. b3 Rc3 25. Kf2 g5 26. h3 g4 27. hxg4+ hxg4 28. fxg4+ Kxg4 29. Bf4 Bxf4 30. gxf4 Rxe1 31. Kxe1 f6 32. Ke2 Nc8 33. Ke3 Nd6 34. Rg2+ Kh3 35. Rg7 Nf5+ 36. Kd2 Rxd3+ 37. Kxd3 Nxg7 0-1


[Site "https://www.chess.com"]

[Event "Titled Tuesday Blitz June 8 2021"]
[White "Przybylski, Wojciech"]
[Black "Esipenko, Andrey"]
[WhiteFideId "1117599"]
[BlackFideId "24175439"]
[WhiteElo "2317"]
[BlackElo "2595"]
[Result "0-1"]
[Round "01"]
[TimeControl "180+1"]
[Date "2021.06.08"]
[WhiteClock "0:00:06"]
[BlackClock "0:00:08"]

1. e4 e5 2. Nf3 Nf6 3. Nxe5 d6 4. Nf3 Nxe4 5. Qe2 Qe7 6. d3 Nf6 7. Bg5 Nbd7 8. Nc3 Qxe2+ 9. Bxe2 h6 10. Bh4 g6 11. O-O-O Bg7 12. Nb5 Kd8 13. Rhe1 a6 14. Nc3 b5 15. d4 Bb7 16. a3 g5 17. Bg3 Nd5 18. Nxd5 Bxd5 19. Bd3 Re8 20. c3 Nf6 21. Rxe8+ Kxe8 22. Re1+ Kf8 23. h3 Ng8 24. Re2 Ne7 25. Ne1 f5 26. f4 Bc4 27. Rf2 Bxd3 28. Nxd3 Kf7 29. Bh2 Kg6 30. Kc2 a5 31. g4 Rf8 32. fxg5 hxg5 33. Re2 Nd5 34. gxf5+ Rxf5 35. Bg1 Rf3 36. Rh2 Bf6 37. Bf2 Kf5 38. Kd2 Ke4 39. Ne1 Rf5 40. Ke2 b4 41. axb4 axb4 42. Bg3 bxc3 43. bxc3 Nxc3+ 44. Kd2 Bxd4 45. Nc2 Bf6 46. Be1 Rd5+ 47. Kc1 Rd1+ 48. Kb2 Rb1+ 49. Ka3 c5 50. Bxc3 Bxc3 51. Rg2 Bf6 52. Rg4+ Kf5 53. Rg2 Ke6 54. Ne3 Ra1+ 55. Kb3 Rb1+ 56. Kc4 Rb4+ 57. Kd3 Rb3+ 58. Ke4 Rb4+ 59. Kd3 Rd4+ 60. Ke2 d5 61. Rg1 Re4 62. Kd3 c4+ 63. Kd2 Bd4 0-1


[Site "https://www.chess.com"]

[Event "Titled Tuesday Blitz June 8 2021"]
[White "Rasulov, Vugar"]
[Black "Levine, Joseph"]
[WhiteFideId "13402390"]
[BlackFideId "30940346"]
[WhiteElo "2848"]
[BlackElo "2459"]
[Result "0-1"]
[Round "01"]
[TimeControl "180+1"]
[Date "2021.06.08"]
[WhiteClock "0:01:35"]
[BlackClock "0:01:15"]

1. e4 e6 2. d4 d5 3. Nc3 Nf6 4. e5 Nfd7 5. f4 c5 6. Nf3 Nc6 7. Be3 a6 8. Qd2 b5 9. dxc5 Bxc5 10. Bd3 Qb6 11. Bf2 b4 12. Na4 Bxf2+ 13. Qxf2 Qa5 14. b3 Rb8 15. O-O g6 16. Kh1 Qd8 17. Nd4 Nxd4 18. Qxd4 a5 19. a3 Qc7 20. Qe3 Bb7 21. axb4 axb4 22. Qd4 Bc6 23. Nc5 Qb6 24. Ra6 Qxc5 25. Qxc5 Nxc5 26. Rxc6 Nxd3 27. cxd3 Kd7 28. Rd6+ Ke7 29. h3 Rhc8 30. Kh2 Rc3 31. Ra1 Rb7 32. Ra8 Rxb3 33. Rdd8 Rxd3 34. Re8+ Kd7 35. Rac8 Rc7 36. Rb8 b3 37. Rh8 h5 38. Rb6 Rdc3 39. Rf8 Ke7 40. Rfb8 Rc8 41. R8b7+ R3c7 42. Rxb3 Rxb7 43. Rxb7+ Kf8 44. Kg3 Rc3+ 45. Kf2 Rc8 46. h4 Re8 47. Ke3 Re7 48. Rb8+ Re8 49. g3 Rxb8 0-1


[Site "https://www.chess.com"]